 Dungeon Crawl Stone Soup version 0.24.1-14-gf8d2b509d9 (webtiles) character file.

Game seed: 13309563417141811893, levelgen mode: deterministic

330 Peloso the Slasher (level 6, -6/48 HPs)
             Began as a Demonspawn Fighter on May 30, 2020.
             Killed by divine providence
             ... invoked by an orc priest
              (14 damage)
             ... on level 4 of the Dungeon.
             The game lasted 00:06:52 (3465 turns).

Peloso the Slasher (Demonspawn Fighter)             Turns: 3465, Time: 00:06:53

Health: -6/48      AC: 13    Str: 18    XL:     6   Next: 26%
Magic:  6/6        EV:  5    Int: 10    God:
Gold:   175        SH:  9    Dex: 12    Spells: 5/5 levels left

rFire    . . .     SeeInvis .   a - +0 long sword
rCold    . . .     Gourm    .   c - +0 shield
rNeg     . . .     Faith    .   q - +0 chain mail
rPois    .         Spirit   .   (no helmet)
rElec    .         Reflect  .   y - +0 cloak
rCorr    .         Harm     .   (no gloves)
MR       .....                  r - +0 pair of boots
Stlth    ..........             e - amulet of magic regeneration
HPRegen  0.16/turn              x - +2 ring of protection
MPRegen  0.35/turn              j - ring of flight

@: no status effects
A: claws 1, demonic guardian 1, nightstalker 1
a: Evoke Flight


You were on level 4 of the Dungeon.
You were not hungry.

You visited 1 branch of the dungeon, and saw 4 of its levels.

You collected 175 gold pieces.

Inventory:

Hand Weapons
 a - a +0 long sword (weapon)
 b - a +2 dagger of flaming
Armour
 c - a +0 shield (worn)
 q - a +0 chain mail (worn)
 r - a +0 pair of boots (worn)
 y - a +0 cloak (worn)
Jewellery
 e - an amulet of magic regeneration (around neck)
 g - an uncursed ring of ice
 j - a ring of flight (right claw)
 x - a +2 ring of protection (left claw)
Scrolls
 l - 2 scrolls of identify
 m - 2 scrolls of enchant weapon
Potions
 h - a potion of brilliance {unknown}
 n - a potion of experience {unknown}
 o - a potion of heal wounds {unknown}
 p - a potion of degeneration {unknown}
 t - a potion of haste {unknown}
 u - a potion of cancellation {unknown}
Comestibles
 d - 3 chunks of flesh
 f - 9 rations


   Skills:
 + Level 3.8 Fighting
 + Level 4.1 Long Blades
 + Level 3.6 Armour
 + Level 0.5 Dodging
 + Level 0.1 Stealth
 + Level 3.8 Shields


You had 5 spell levels left.
You didn't know any spells.
Your spell library was empty.

Dungeon Overview and Level Annotations

Branches:
Dungeon (4/15)
 Temple: D:4-7

Altars:
Uskayaw
The Shining One


Innate Abilities, Weirdness & Mutations

You have sharp fingernails.
A weak demonic guardian rushes to your aid.
You are slightly more attuned to the shadows.


Message History

Unknown command.
You closely miss the orc wizard.
The orc wizard is heavily wounded.
You block the orc priest's attack.
The orc wizard hits you but does no damage.
Unknown command.
You slash the orc priest!
The orc priest is severely wounded.
The orc priest calls upon Beogh to heal the orc wizard.
The orc wizard is healed somewhat.
The orc wizard gestures wildly while chanting.
The orc wizard flickers and vanishes!
Deactivating autopickup; reactivate with Ctrl-A.
The orc priest looks encouraged for a moment.
You closely miss the orc priest.
The orc priest is severely wounded.
Something hits you but does no damage.
The orc priest mumbles some strange prayers to Beogh against you.
Beogh smites you!
You die...

#.....#
#.....#
#.##### #.#
#.# #.# #.# #
#.#######.####
#.##..5@{.....
#.##.###o####.
#.##.# o#
#.##.# o#
#.##.# w#
#.##.# .#
#(##.# .#
#.##.# #....#


You could see a worm, an orc priest, 2 orcs and a friendly ufetubus.

Vanquished Creatures
  3 orc priests
  A centaur skeleton (D:4)
  A hound (D:4)
  An orc wizard (D:3)
  A gnoll (D:1)
  8 adders
  An ooze (D:2)
  An adder skeleton (D:2)
  A worm (D:2)
  A dart slug (D:2)
  A leopard gecko (D:4)
  7 orcs
  4 bats
  2 giant cockroaches
  6 goblins
  2 hobgoblins (D:2)
  2 jackals (D:4)
  2 quokkas
  6 ball pythons (D:3)
  2 frilled lizards
  7 kobolds
  7 rats
67 creatures vanquished.

Vanquished Creatures (collateral kills)
  2 gnolls (D:2)
  2 orcs
  A jackal (D:4)
  A bat (D:2)
6 creatures vanquished.

Grand Total: 73 creatures vanquished

Notes
Turn   | Place    | Note
-------+----------+-------------------------------------------
     0 | D:1      | Peloso the Demonspawn Fighter began the quest for the Orb.
     0 | D:1      | Reached XP level 1. HP: 18/18 MP: 1/1
  1005 | D:1      | Gained mutation: A weak demonic guardian rushes to your
                  | aid. [demonic ancestry]
  1005 | D:1      | Reached XP level 2. HP: 2/24 MP: 2/2
  1273 | D:2      | Reached skill level 2 in Long Blades
  1289 | D:2      | Gained mutation: You are slightly more attuned to the
                  | shadows. [demonic ancestry]
  1289 | D:2      | Reached XP level 3. HP: 15/29 MP: 3/3
  1848 | D:2      | Reached XP level 4. HP: 34/35 MP: 4/4
  2206 | D:3      | Reached skill level 3 in Long Blades
  2236 | D:3      | Gained mutation: You have sharp fingernails. [demonic
                  | ancestry]
  2236 | D:3      | Reached XP level 5. HP: 12/42 MP: 5/5
  2653 | D:3      | HP: 2/42 [ball python (1)]
  3259 | D:3      | Found a glowing golden altar of the Shining One.
  3261 | D:3      | Found a hide-covered altar of Uskayaw.
  3326 | D:4      | Reached XP level 6. HP: 5/48 MP: 6/6
  3371 | D:4      | Reached skill level 4 in Long Blades
  3465 | D:4      | Killed from afar by an orc priest

Levels and vault maps discovered:
D:1:      dpeg_arrival_simpleton_b, layout_basic
D:2:      layout_basic, kennysheep_path_1, nicolae_underground_beach
D:3:      layout_loops_ring, minitemple, first_ration, minmay_snake_closets
D:4:      layout_basic, enter_ossuary_4, minmay_tree_intersection

Skill      XL: |  1  2  3  4  5  6 |
---------------+-------------------+-----
Long Blades    | 2 3 4 |  4.1
Shields        | 3 |  3.8
Armour         | 3 |  3.6
Fighting       | |  3.8
Dodging        | |  0.5
Stealth        | |  0.1

Action                   |  1- 3 |  4- 6 || total
-------------------------+-------+-------++-------
Melee: Long sword        |    98 |   180 ||   278
  Use: Potion            |       |     2 ||     2
       Scroll            |       |     6 ||     6
  Eat: Chunk             |     2 |     7 ||     9
Armor: Scale mail        |    48 |     2 ||    50
       Chain mail        |       |   128 ||   128
Dodge: Dodged            |    30 |    24 ||    54
Block: Shield            |    55 |   106 ||   161
       Rpst.: Long sword |     9 |     5 ||    14
